Map: World of Sleepers LE

Players

HeatedStove - Winner!

  • Race: Terran Terran
  • League: Grandmaster
  • Spawn Location: 1:00

CameronSharp

  • Race: Terran Terran
  • League: Master
  • Spawn Location: 7:00

VOD

Have the link to the VOD?

Description

Time

  • Played on: Aug. 29, 2019, 4:23 p.m.
  • Length: 9:12
Show
View Real Time Build Order
Export as new Build Order

HeatedStove Terran - Winner!

Build Orders:  

Get SALT Encoding   

  12  0:02  SCV  
  13  0:14  SCV  
  13  0:18  Supply Depot  
  14  0:26  SCV  
  15  0:29  Refinery  
  15  0:40  SCV  
  16  0:44  Barracks  
  16  0:52  SCV  
  17  0:58  Refinery  
  17  1:05  SCV  
  18  1:17  SCV  
  19  1:31  Orbital Command, Reaper  
  20  1:38  Factory  
  20  1:56  Supply Depot  
  20  1:58  SCV  
  21  2:03  Reaper  
  22  2:10  SCV  
  23  2:22  SCV, Hellion  
  26  2:32  Command Center  
  26  2:36  Barracks Reactor  
  26  2:41  SCV  
  27  2:47  Starport  
  27  2:52  Factory Tech Lab  
  27  2:53  SCV  
  27  2:54  Widow Mine  
  30  3:01  Supply Depot  
  30  3:09  SCV  
  29  3:21  Factory Tech Lab, SCV  
  29  3:22  Starport Tech Lab  
  29  3:37  SCV  
  29  3:42  Cyclone  
  29  3:43  Marine x2, Raven  
  36  3:49  Orbital Command  
  36  3:51  SCV  
  37  3:58  Refinery  
  37  4:00  Marine x2  
  39  4:07  SCV  
  40  4:14  Siege Tank, SCV  
  44  4:18  Marine x2  
  44  4:19  SCV  
  47  4:29  SCV  
  47  4:31  SCV  
  49  4:33  Starport Reactor  
  49  4:38  Barracks  
  49  4:41  Barracks, SCV  
  49  4:43  Marine, Stimpack  
  49  4:44  Supply Depot  
  51  4:47  SCV  
  52  4:53  SCV  
  52  4:57  Supply Depot  
  52  4:59  SCV  
  54  5:05  Marine, Siege Tank  
  54  5:06  SCV, Supply Depot  
  59  5:11  SCV  
  60  5:18  Starport Reactor, SCV  
  61  5:21  Supply Depot  
  61  5:23  SCV  
  61  5:26  Marine  
  61  5:28  Marine x2  
  63  5:30  SCV  
  63  5:32  Marine x2, Supply Depot  
  68  5:35  SCV  
  68  5:40  Siege Tank  
  68  5:42  SCV  
  73  5:44  Marine  
  73  5:46  Marine x2  
  73  5:47  SCV, Supply Depot  
  73  5:49  Marine  
  77  5:50  Marine  
  79  5:58  Medivac x2  
  83  6:06  Marine x2, Command Center  
  83  6:07  Marine x2  
  83  6:09  Marine  
  88  6:13  Siege Tank  
  91  6:22  Supply Depot  
  91  6:23  Supply Depot  
  91  6:24  SCV x2  
  93  6:27  Refinery  
  93  6:28  Engineering Bay  
  93  6:32  Engineering Bay  
  93  6:36  Marine x3  
  93  6:37  Marine  
  93  6:38  Marine  
  98  6:43  SCV x2  
  100  6:48  Combat Shield  
  100  6:54  Marine x3  
  100  6:55  Marine  
  100  6:56  SCV x2  
  106  7:15  Marine x2  
  98  7:16  Marine x3  
  98  7:21  Siege Tank  
  110  7:24  SCV, Barracks  
  110  7:25  Barracks, SCV  
  108  7:33  Marine  
  109  7:40  Marine x4  
  113  7:44  Medivac x2  
  113  7:45  Orbital Command  
  113  7:47  SCV x2  
  116  7:58  Marine  
  116  7:59  Marine x3, SCV x2  
  122  8:05  Supply Depot x2  
  122  8:06  Marine  
  122  8:11  SCV  
  124  8:14  Medivac x2  
  124  8:16  Marine x2  
  115  8:24  Marine  
  115  8:25  Siege Tank, Barracks Reactor  
  115  8:26  Barracks Reactor  
  118  8:29  Armory  
  118  8:33  Marine x2  
  120  8:35  Factory  
  120  8:36  SCV x3  
  123  8:44  Command Center  
  123  8:50  Marine x2  
Show
View Real Time Build Order
Export as new Build Order

CameronSharp Terran 

Build Orders:  

Get SALT Encoding   

  12  0:00  SCV  
  13  0:13  SCV  
  14  0:17  Supply Depot  
  14  0:25  SCV  
  15  0:29  Refinery  
  15  0:39  SCV  
  16  0:44  Barracks  
  16  0:51  SCV  
  17  1:03  SCV  
  18  1:15  SCV  
  19  1:27  SCV  
  21  1:40  Orbital Command, Reaper  
  21  1:46  Command Center  
  21  1:57  Factory  
  21  2:02  Refinery  
  21  2:07  SCV  
  22  2:12  Barracks Reactor  
  22  2:19  SCV  
  23  2:23  Supply Depot  
  23  2:43  Factory Tech Lab  
  23  2:44  Starport  
  23  2:45  SCV  
  23  2:48  Marine x2  
  26  2:57  SCV  
  26  2:58  Orbital Command  
  27  3:02  Cyclone  
  30  3:08  Marine x2  
  30  3:09  SCV  
  31  3:21  SCV  
  30  3:29  SCV  
  30  3:30  Marine  
  30  3:31  Marine  
  30  3:33  SCV  
  32  3:38  Starport Tech Lab  
  32  3:41  SCV  
  33  3:45  SCV  
  34  3:48  Marine x2  
  34  3:54  SCV  
  37  3:56  Raven  
  37  3:59  SCV  
  40  4:05  Supply Depot  
  40  4:06  SCV  
  40  4:09  Marine x2  
  43  4:11  SCV  
  44  4:18  SCV  
  44  4:22  Command Center  
  45  4:26  SCV  
  45  4:27  Siege Tank  
  45  4:30  SCV  
  51  4:38  SCV  
  51  4:42  SCV  
  52  4:46  Barracks x2  
  52  4:48  Refinery  
  52  4:49  Refinery  
  52  4:50  SCV  
  53  4:54  SCV  
  53  4:56  Stimpack  
  54  5:04  Engineering Bay x2  
  54  5:12  Supply Depot  
  54  5:22  Supply Depot  
  54  5:31  Supply Depot  
  54  5:33  Marine  
  54  5:34  SCV x2, Orbital Command, Viking x2  
  54  5:35  Barracks Reactor  
  61  5:37  Barracks Reactor  
  61  5:46  SCV x2  
  61  5:48  Siege Tank  
  66  5:58  SCV x2  
  67  6:04  Viking  
  67  6:05  Viking  
  67  6:09  Barracks x2  
  67  6:10  SCV, Supply Depot  
  67  6:11  SCV  
  73  6:12  SCV  
  73  6:16  Marine  
  73  6:17  Marine x3  
  78  6:18  Marine  
  78  6:23  Siege Tank  
  82  6:33  SCV  
  82  6:34  Marine x2, SCV x2  
  87  6:54  Marine  
  87  6:55  Marine x4  
  87  6:57  Viking  
  87  6:58  Viking  
  87  6:59  Barracks Reactor x2  
  87  7:00  SCV x2  
  98  7:10  Liberator  
  98  7:14  SCV  
  86  7:19  Command Center  
  86  7:21  Command Center  
  81  7:26  Marine x4  
  81  7:28  Marine  
  80  7:53  Marine x2  
  80  7:54  Marine x4  
  80  7:55  Marine  
  86  7:59  Marine  
  86  8:00  Marine  
  82  8:11  Marine x3  
  83  8:31  Marine x3  
  83  8:32  Marine x4  
  83  8:33  Marine x2  
  92  8:48  Marine  
  97  8:56  SCV  
Tags
 
Add a new tag
Caveats
  • Supply blocks, unpowered buildings, or Contaminate may cause inaccurate times.
  • Supply counts are checked every 10 seconds.